[Event "Croatian 1A League 2022"]
[Site "Porec"]
[Date "2022.09.27"]
[Round "4.3"]
[White "Balogh, Csaba"]
[Black "Lalic, Bogdan"]
[Result "1/2-1/2"]
[ECO "C77"]
[WhiteElo "2583"]
[BlackElo "2393"]
[Annotator "TA"]
[PlyCount "73"]
[EventDate "2022.09.24"]
[EventType "team-tourn"]
[EventCountry "CRO"]
[SourceTitle "playchess.com"]
[Source "ChessBase"]
[SourceQuality "1"]
[TimeControl "40/5400+30:1800+30"]

1. e4 e5 2. Nf3 Nc6 3. Bb5 a6 4. Ba4 Nf6 5. d3 b5 6. Bb3 Bc5 7. c3 d6 8. Bg5 {[%emt 0:03:34][%cal Bc1g5,Bg5h4,Bh4g3][%mdl 32] now supersedes 8.0-0. C77: Ruy Lopez: 3...a6 4 Ba4 Nf6, unusual lines.} h6 9. Bh4 O-O 10. O-O {[%emt 0:02:44] White has an edge.} Bb6 11. a4 Rb8 12. Na3 g5 13. Bg3 (13. Nxg5 $5 hxg5 14. Bxg5 $15) 13... b4 14. Nc4 bxc3 15. bxc3 Na5 16. Nxa5 Bxa5 17. Qc2 {[%emt 0:00:08] [#]} Nh5 $146 ({Predecessor:} 17... c6 18. d4 Nxe4 19. Bxf7+ Rxf7 20. Qxe4 Bxc3 21. Rad1 Rb4 22. Qxc6 exd4 23. Qa8 Kg7 24. Bxd6 Qxd6 25. Qxc8 {1-0 (42) Kovalev,A (2548)-Swinkels,R (2379) Eupen 2006}) 18. Nd2 c6 (18... Bb6 {keeps more tension.} 19. Bd5 Qf6 20. Nc4 Bc5) 19. Nc4 Bc7 20. Ba2 Qe7 21. d4 Kg7 22. Rad1 f5 {[%emt 0:13:08] [#] White must now prevent ...f4.} 23. exf5 Bxf5 24. Qd2 Nf4 25. dxe5 dxe5 (25... d5 $5 26. Bxf4 gxf4 $15) 26. Ne3 Be6 27. Bb1 Kh8 28. Kh1 Bb3 29. Qd7 Qxd7 30. Rxd7 Rf7 31. Rxf7 Bxf7 32. Be4 Rb3 33. c4 Rc3 34. Bxc6 Bxc4 35. Nxc4 Rxc4 36. Bd7 Ne2 37. Re1 {[%emt 0:01:31] Weighted Error Value: White=0.09 (flawless) /Black=0.06 (flawless)} 1/2-1/2

[Event "Croatian 1A League 2022"]
[Site "Porec"]
[Date "2022.09.27"]
[Round "4.4"]
[White "Zaja, Ivan"]
[Black "Kuljasevic, Davorin"]
[Result "1/2-1/2"]
[ECO "E53"]
[WhiteElo "2417"]
[BlackElo "2560"]
[Annotator "TA"]
[PlyCount "40"]
[EventDate "2022.09.24"]
[EventType "team-tourn"]
[EventCountry "CRO"]
[SourceTitle "playchess.com"]
[Source "ChessBase"]
[SourceQuality "1"]
[TimeControl "40/5400+30:1800+30"]

1. d4 Nf6 2. c4 e6 3. Nc3 Bb4 4. e3 O-O 5. Bd3 d5 6. Nf3 b6 7. a3 Bxc3+ 8. bxc3 Ba6 9. cxd5 exd5 10. Bxa6 Nxa6 11. Qd3 Qc8 12. O-O {[%emt 0:05:59] was the old line (12.c4).} c5 13. a4 {[%emt 0:02:46] E53: Nimzo-Indian: Rubinstein: Main Line (4...0-0 5 Nf3 d5 6 Bd3 c5 7 0-0).} Qb7 {[%emt 0:06:24] [#]} 14. Ba3 $146 ({Predecessor:} 14. Bb2 Rac8 15. c4 cxd4 16. cxd5 Nc5 17. Qf5 Qxd5 18. Nxd4 Rfd8 19. Qh3 Nce4 20. f3 Nd2 {½-½ (44) Gofshtein,L (2521)-Fleck,J (2429) Germany 2006}) 14... Rac8 15. Rac1 {[%emt 0:05:47] The position is equal.} Rfd8 16. Ne5 Nb8 17. dxc5 Qe7 18. Nf3 Nbd7 19. c4 {[%emt 0:08:20] [#] Threatens to win with cxb6.} (19. a5 $5) 19... Nxc5 20. Qb1 dxc4 {[%emt 0:08:09] A balanced but interesting game.  Weighted Error Value: White=0.11 (very precise) /Black=0.06 (flawless)} 1/2-1/2

[Event "Croatian 1A League 2022"]
[Site "Porec"]
[Date "2022.09.27"]
[Round "4.5"]
[White "Jovanic, Ognjen"]
[Black "Kovacevic, Blazimir"]
[Result "1/2-1/2"]
[ECO "D36"]
[WhiteElo "2507"]
[BlackElo "2405"]
[Annotator "TA"]
[PlyCount "81"]
[EventDate "2022.09.24"]
[EventType "team-tourn"]
[EventCountry "CRO"]
[SourceTitle "playchess.com"]
[Source "ChessBase"]
[SourceQuality "1"]
[TimeControl "40/5400+30:1800+30"]

1. d4 Nf6 2. c4 e6 3. Nc3 d5 4. cxd5 exd5 5. Bg5 c6 6. e3 Nbd7 7. Bd3 Be7 8. Nge2 Nh5 9. Bxe7 Qxe7 10. Qc2 Nb6 11. O-O g6 {[%emt 0:00:38] D36: Queen's Gambit Declined: Exchange Variation: Main line (5 Bg5 c6 6 Qc2).} 12. Rae1 O-O 13. Nc1 Ng7 14. f3 Bf5 15. e4 dxe4 16. fxe4 Be6 {[%emt 0:00:03] [#]} 17. N1e2 $146 ({Predecessor:} 17. N3e2 Rad8 18. a3 f5 19. e5 Nd5 20. Rf3 Nh5 21. Nb3 f4 22. Nc5 Bg4 23. Be4 Bxf3 24. Bxf3 {½-½ (35) Riazantsev,A (2646)-Kasimdzhanov,R (2704) Berlin 2015}) 17... Rad8 (17... f5 {feels hotter.} 18. Nf4 Qb4 19. d5 fxe4 20. Rxe4 Qc5+) 18. h3 {[%emt 0:05:16] Prevents Bg4.} c5 {[%emt 0:29:35] [#] White must now prevent ...c4.} 19. dxc5 (19. d5 c4 20. Bxc4 Nxc4 $17) 19... Qxc5+ 20. Kh1 Bc4 21. Nd5 Nxd5 22. exd5 ({Wrong is} 22. Qxc4 $2 Qxc4 23. Bxc4 Ne3 $19) 22... Rc8 23. Rc1 Bxd3 24. Qxd3 Qb6 25. b3 ({Better is} 25. d6 $11) 25... Rxc1 26. Rxc1 {[%emt 0:00:09] The position is equal.} ({But not} 26. Nxc1 Nf5 $15) 26... Rd8 27. Nc3 Nh5 28. Rd1 Qf2 29. d6 Qf4 30. Kg1 Qe5 31. Ne4 Nf4 32. Qc4 Kg7 33. a4 b6 34. Kh1 Ne6 35. Rd5 ({Reject} 35. d7 Nf8 $17) 35... Qa1+ 36. Kh2 Nf4 37. Rd2 Qe5 38. Kh1 Qa1+ 39. Kh2 Qe5 40. Kg1 Ne6 41. Rd5 {[%emt 0:04:01] Against Nc5.  Weighted Error Value: White=0.07 (flawless) /Black=0.04 (flawless)} 1/2-1/2

[Event "Croatian 1A League 2022"]
[Site "Porec"]
[Date "2022.09.27"]
[Round "4.6"]
[White "Loncar, Robert"]
[Black "Srbis, Jurica"]
[Result "0-1"]
[ECO "E93"]
[WhiteElo "2367"]
[BlackElo "2442"]
[Annotator "TA"]
[PlyCount "63"]
[EventDate "2022.09.24"]
[EventType "team-tourn"]
[EventCountry "CRO"]
[SourceTitle "playchess.com"]
[Source "ChessBase"]
[SourceQuality "1"]
[TimeControl "40/5400+30:1800+30"]

1. Nf3 Nf6 2. c4 g6 3. Nc3 Bg7 4. d4 O-O 5. e4 d6 6. Be2 Na6 7. Be3 e5 8. d5 Nc5 9. Nd2 a5 10. g4 {[%emt 0:02:25] 10.h4 is a critical line.} c6 {[%emt 0:13:17] E93: King's Indian: Classical: Petrosian System with 7...Nbd7.} 11. h4 Ne8 12. Qc2 Bd7 {[%emt 0:16:43] White is better.} 13. g5 (13. O-O-O $16) 13... Nc7 {[%emt 0:06:23] [#]} 14. h5 $146 ({Predecessor:} 14. O-O-O cxd5 15. exd5 Bf5 16. Nde4 Nxe4 17. Nxe4 Na6 18. a3 {1-0 (32) Arnaudov,P (2490)-Vavric,P (2239) Varna 2013}) 14... cxd5 15. cxd5 b5 {[%emt 0:00:18][%cal Bb7b5,Bb5b4][%mdl 32] Inhibits Nc4.} 16. h6 Bh8 17. Rg1 (17. Bxc5 $14 dxc5 18. a4) 17... b4 $15 18. Nd1 Nb5 19. Bxb5 Bxb5 20. Bxc5 {[%emt 0:00:19] Threatens to win with Be3.} Rc8 {[%emt 0:00:42][%mdl 64] Pin} 21. Ne3 Rxc5 $19 22. Ndc4 {[%emt 0:01:21] [#]} f6 $1 23. b3 fxg5 24. Qd3 Rf4 25. Ng4 (25. Ng2 $142 Bxc4 26. bxc4) 25... Qc8 26. Nge3 Qh3 27. a3 $2 {[%emt 0:00:42] [#]} (27. O-O-O) 27... bxa3 {[%emt 0:00:46] Black is clearly winning.} 28. Rxa3 a4 29. Rxa4 Bxa4 30. bxa4 Qf3 31. Rf1 Rxe4 32. Qa3 {[%emt 0:01:08] Weighted Error Value: White=0.72/Black=0.05 (flawless)} 0-1

[Event "Croatian 1A League 2022"]
[Site "Porec"]
[Date "2022.09.27"]
[Round "4.7"]
[White "Motylev, Alexander"]
[Black "Kaczur, Florian"]
[Result "1/2-1/2"]
[ECO "C42"]
[WhiteElo "2635"]
[BlackElo "2483"]
[Annotator "TA"]
[PlyCount "67"]
[EventDate "2022.09.24"]
[EventType "team-tourn"]
[EventCountry "CRO"]
[SourceTitle "playchess.com"]
[Source "ChessBase"]
[SourceQuality "1"]
[TimeControl "40/5400+30:1800+30"]

1. e4 e5 2. Nf3 Nf6 3. Nxe5 d6 4. Nf3 Nxe4 5. Nc3 Nf6 6. d4 Be7 7. Bd3 O-O 8. h3 {[%emt 0:01:12] 8.0-0 is the modern continuation. C42: Petroff Defence: 3 Nxe5 and unusual White 3rd moves.} Re8 9. O-O Nbd7 10. Re1 {[%emt 0:02:19] White is slightly better.} a6 11. Ne2 {[%emt 0:12:02] [#]} b6 $146 ({Predecessor:} 11... Bf8 12. Ng3 Rxe1+ 13. Qxe1 g6 14. c3 Bg7 15. Bg5 h6 16. Bd2 b6 17. Qc1 Qf8 {½-½ (24) Brazdzionis,A (2195)-Beinoras,M (2371) Vilnius 2015}) 12. c4 Bb7 13. Nc3 Bf8 14. Rxe8 Qxe8 15. Bf4 g6 16. Nd2 Bg7 17. Be2 Rd8 18. Bf3 Bc8 19. Bc6 Qe6 20. Bg5 h6 21. Be3 Nb8 22. Bf3 Qe8 23. Nde4 Nbd7 24. Qd2 Nxe4 25. Bxe4 Nf6 26. Bf3 Qf8 27. a4 Be6 28. d5 Bc8 29. a5 bxa5 30. Rxa5 Nd7 31. Be2 {[%emt 0:07:06] White is more active.} f5 32. Bd4 Bxd4 33. Qxd4 f4 (33... Qg7 $11 {might be stronger.} 34. Qxg7+ Kxg7) 34. f3 {[%emt 0:02:44] Weighted Error Value: White=0.06 (flawless) /Black=0.09 (flawless)} (34. b4 $16) 1/2-1/2

[Event "Croatian 1A League 2022"]
[Site "Porec"]
[Date "2022.09.27"]
[Round "4.8"]
[White "Janzelj, Tim"]
[Black "Postny, Evgeny"]
[Result "0-1"]
[ECO "D30"]
[WhiteElo "2456"]
[BlackElo "2573"]
[Annotator "TA"]
[PlyCount "130"]
[EventDate "2022.09.24"]
[EventType "team-tourn"]
[EventCountry "CRO"]
[SourceTitle "playchess.com"]
[Source "ChessBase"]
[SourceQuality "1"]
[TimeControl "40/5400+30:1800+30"]

1. d4 d5 2. c4 c6 3. Nf3 Nf6 4. Qb3 dxc4 5. Qxc4 e6 6. Bg5 b5 {[%emt 0:00:31] D30: Queen's Gambit Declined: Systems without Nc3.} 7. Qc2 Bb7 8. e3 Nbd7 {[%emt 0:00:57] The position is equal.} 9. a4 Rc8 10. Nbd2 b4 {[%emt 0:03:22] [#]} 11. a5 $146 ({Predecessor:} 11. Nb3 c5 12. dxc5 Bxc5 13. Qd2 Ne4 14. Bxd8 Nxd2 15. Nfxd2 Kxd8 16. Nxc5 Nxc5 17. Bb5 {0-1 (27) Hoerstmann,M (2336)-Kroeze,F (2415) Germany 2005}) 11... c5 12. Qa4 cxd4 13. exd4 Be7 14. Be2 O-O 15. O-O Nd5 16. Bxe7 Qxe7 17. g3 {[%emt 0:13:07] Prevents Nf4.} Rc7 (17... N5f6 {with more complications.} 18. Rfc1 h6 19. Rc4 Rxc4 20. Nxc4 Rc8) 18. Rfc1 Rfc8 19. Rxc7 (19. Qd1 {feels hotter.} N5f6 20. Rxc7 Rxc7 21. Ne5) 19... Rxc7 20. Qd1 Qd8 21. Nb3 Qc8 22. Rc1 Rxc1 23. Qxc1 Qxc1+ 24. Nxc1 Kf8 25. Nb3 Ne7 26. Ne5 $1 Nb8 27. Bc4 Nf5 28. Kf1 Nd6 29. Bd3 f6 30. Nc5 (30. Nc4 $5 Ba6 31. Nxd6 Bxd3+ 32. Ke1 $15) 30... Bd5 {[%emt 0:01:05] Against Nc4} ({Don't take} 30... fxe5 31. dxe5 Nf7 32. Nxb7 $14) 31. Ned7+ Nxd7 32. Nxd7+ $15 {[%emt 0:00:09][%mdl 4096] Endgame KBN-KBN} Ke7 33. Nc5 Nc4 34. Bxc4 Bxc4+ {[%emt 0:00:04] KB-KN} 35. Ke1 $1 Kd6 $1 {[%emt 0:00:22] And now ...Kd5 would win.} 36. Kd2 Kc6 37. f4 (37. Ke3 $15) 37... h5 (37... Kb5 $1 $17 38. a6 Kc6) 38. Ke3 $1 Kb5 39. Nb7 (39. a6 $1 $15) 39... Kc6 $2 ({Black should try} 39... Bd5 $19 40. Nd6+ Kxa5) 40. Nc5 $11 Bd5 41. Na6 $1 Bc4 42. Nxb4+ Kb5 43. Nc2 {[%emt 0:00:58] aiming for Na3+.} Bb3 44. Na1 Bd5 45. Kd3 Kb4 46. Kd2 {[%emt 0:08:25] [#]} (46. Nc2+ $11 {remains equal.} Kxa5 47. Ne3) 46... Be4 $1 $17 ({But not} 46... Kxa5 $6 47. Kc3 $11) 47. Ke3 Bf5 48. d5 exd5 49. Kd4 {[%emt 0:00:00] [#]} Be4 {[%emt 0:00:29] Black is more active.} ({Don't play} 49... Kxa5 $6 50. Kxd5 Kb4 51. Kd6 $11) 50. a6 g5 51. fxg5 $2 (51. h4 $17 gxh4 52. gxh4) 51... fxg5 $19 {[%emt 0:00:03][%cal Bf6g5,Bg5g4][%mdl 32] Hoping for ...g4.} 52. h4 $2 (52. Ke3 Kc4 53. Kd2) 52... g4 53. b3 Ka3 54. Kc3 Bf5 55. b4 d4+ $1 56. Kxd4 Kxb4 57. Ke5 Bd3 {[%emt 0:00:36] ( -> ...Kc3)} 58. Kf6 Kc3 {[%emt 0:00:39] Black mates.} 59. Kg5 Kb2 60. Kxh5 Kxa1 61. Kxg4 Bxa6 {[%emt 0:00:19] KB-KPP} 62. h5 Bd3 63. Kg5 a5 64. h6 a4 65. Kf6 a3 {[%emt 0:00:07] Weighted Error Value: White=0.42/Black=0.10 (very precise)} 0-1

[Event "Croatian 1A League 2022"]
[Site "Porec"]
[Date "2022.09.27"]
[Round "4.9"]
[White "Bosiocic, Marin"]
[Black "Ivekovic, Bozidar"]
[Result "1-0"]
[ECO "A87"]
[WhiteElo "2548"]
[BlackElo "2407"]
[Annotator "TA"]
[PlyCount "79"]
[EventDate "2022.09.24"]
[EventType "team-tourn"]
[EventCountry "CRO"]
[SourceTitle "playchess.com"]
[Source "ChessBase"]
[SourceQuality "1"]
[TimeControl "40/5400+30:1800+30"]

1. Nf3 e6 2. g3 f5 3. Bg2 Nf6 4. O-O g6 5. d4 Bg7 6. c4 O-O 7. Nc3 d6 8. Re1 Nc6 {[%emt 0:09:52] A87: Dutch Defence: Leningrad System: 5 Nf3.} 9. d5 Ne5 10. Nxe5 dxe5 {[%emt 0:00:04] White is slightly better.} 11. e4 exd5 12. exd5 e4 13. Bf4 {[%emt 0:02:23] [#]} Ng4 $146 ({Predecessor:} 13... Nh5 14. Be3 f4 15. gxf4 Qh4 16. Qd2 g5 17. Bd4 e3 18. fxe3 gxf4 19. Bxg7 Kxg7 {0-1 (28) Rossmann,H-Welz,P Rostock 1981}) 14. Nb5 Ne5 15. d6 c6 $1 16. Nc7 Rb8 17. Be3 Nd3 18. Bxa7 Qxd6 19. Bxb8 {[%emt 0:00:14] Black must now prevent Bf1.} Qc5 20. Re3 $2 {[%emt 0:07:57] [#]} (20. Re2 $14 {stays ahead.} Bd4 21. Qb3 Nxf2 22. Rd2) 20... Nxf2 $1 $17 21. Kxf2 f4 22. gxf4 Bd4 $2 {[%emt 0:01:00][%mdl 8192] [#]} (22... Rxf4+ $17 {and life is bright.} 23. Kg1 Qxe3+ 24. Kh1 Bh3 25. Bxh3 Qxh3) 23. Nd5 $1 $18 cxd5 {[%emt 0:00:27] [#]} 24. Qd2 {[%emt 0:00:22] Rd1 is the strong threat.} Bg4 {[%emt 0:07:57] [#] Against Rd1} 25. b4 $1 Qxc4 26. Bf1 Bxe3+ 27. Qxe3 {[%emt 0:01:35] Really sharp!} Qc8 {[%emt 0:02:11][%mdl 8192] This move loses the game for Black.} (27... Qc2+ $16 {keeps fighting.} 28. Kg3 Rxb8) 28. Bd6 ({Resist} 28. Be5 g5 29. Qb6 Qf5 $18) 28... Rf6 29. Be5 Rc6 30. Qg3 Rc2+ 31. Kg1 Bf3 32. Qh4 {[%emt 0:05:21] Against Qd8. Threatens to win with Bh3.} Qe6 {[%emt 0:03:51] ( -> ...Qb6+)} 33. Bd4 {[%emt 0:02:08] Against Qb6} Bg4 (33... Qd6 $142 34. a4 Rd2) 34. Qd8+ Kf7 35. Qh8 {[%emt 0:00:41] Hoping for Bb5.} Bh5 36. Qg7+ Ke8 37. Bb5+ Kd8 38. Bf6+ {[%emt 0:00:23] White mates.} Kc8 39. Qf8+ Kc7 40. Qd8# {[%emt 0:00:40] Weighted Error Value: White=0.16 (very precise) /Black=0.46} 1-0

[Event "Croatian 1A League 2022"]
[Site "Porec"]
[Date "2022.09.27"]
[Round "4.10"]
[White "Ostovic, Matija"]
[Black "Fucak, Emilio Milko"]
[Result "0-1"]
[ECO "C03"]
[WhiteElo "2386"]
[BlackElo "2187"]
[Annotator "TA"]
[PlyCount "102"]
[EventDate "2022.09.24"]
[EventType "team-tourn"]
[EventCountry "CRO"]
[SourceTitle "playchess.com"]
[Source "ChessBase"]
[SourceQuality "1"]
[TimeControl "40/5400+30:1800+30"]

1. e4 e6 2. d4 d5 3. Nd2 Be7 4. Ngf3 Nf6 5. Bd3 c5 6. e5 Nfd7 7. c3 {[%emt 0:00:15] C03: French Tarrasch: Unusual Black 3rd moves.} b6 8. O-O Ba6 9. Bxa6 {[%emt 0:05:12] The position is equal.} Nxa6 10. Ne1 b5 {[%emt 0:02:54] [#]} 11. Nd3 $146 ({Predecessor:} 11. Qg4 O-O 12. Ndf3 Kh8 13. Nd3 Rc8 14. Nf4 Nc7 15. Nh5 Rg8 16. Ng5 Bxg5 17. Bxg5 {1-0 (37) Lagno,K (2547)-Hoang,T (2439) Riadh 2017}) 11... O-O 12. Qg4 Nc7 13. Nf3 Kh8 14. Qh5 c4 15. Nf4 Qe8 16. Re1 Rg8 (16... a5 $11) 17. h4 g6 18. Qg4 a5 19. Ng5 (19. a3 $14) 19... h6 20. Ngxe6 fxe6 21. Nxe6 Nxe6 22. Qxe6 Rd8 (22... Bxh4 23. Qxd5 Rf8 24. g3 $14) 23. a4 {[%emt 0:20:59] [#]} (23. Bxh6 $11 {keeps the balance.} Nf8 24. Qg4) 23... Nf8 $1 $17 (23... Bxh4 24. Qh3 g5 25. axb5 $16) 24. Qh3 h5 (24... bxa4 $6 25. Bxh6 Rb8 26. Re2 $11) 25. axb5 Qxb5 26. e6 Nh7 27. Bf4 Nf6 (27... Qxb2 28. Rxa5 Nf6 29. Be5 $14) 28. Bg5 Rgf8 (28... Qxb2 29. Rab1 Qc2 30. Rec1 $17) 29. Qg3 Rde8 (29... Qxb2 30. Rab1 Qc2 31. Rb7 $15) 30. Re2 a4 31. Rae1 (31. Qc7 $17 {might work better.}) 31... Qc6 ({Better is} 31... Kh7 $19 32. f3 Qc6) 32. f3 {[%emt 0:03:10] Prevents Ne4.} (32. Bh6 $17 Rg8 33. f3) 32... Kh7 33. Qe5 Ng8 {[%emt 0:02:17] White must now prevent ...Bd6.} 34. Qe3 (34. g4 $17) 34... Qd6 $19 35. Ra1 Ra8 36. Qf2 a3 {[%emt 0:01:21] Strongly threatening ...Bxg5.} 37. bxa3 Bxg5 ({Weaker is} 37... Rxa3 38. Rxa3 Qxa3 39. Qe3 $19) 38. hxg5 Rxa3 39. Rxa3 Qxa3 40. Qe3 Qd6 41. Ra2 ({Much weaker is} 41. e7 Re8 42. Qe5 Qd7) 41... Re8 42. Re2 ({Of course not} 42. Ra7+ Re7 43. Rd7 Rxd7 44. exd7 Ne7 $19) 42... Qg3 43. Ra2 Ne7 44. Ra7 Kg8 {[%emt 0:02:19][%cal Oe8b8] And now ...Rb8! would win.} 45. Rd7 {[%emt 0:02:05] [#]} (45. Qe5 $19 Qxe5 46. dxe5) 45... Ra8 $1 {[%emt 0:02:48] ( -> ...Ra1+)} 46. Qc1 {[%emt 0:00:16] [#]} (46. Qf2 Ra1+) 46... Ra2 $1 47. Qf1 Nf5 48. Rd8+ Kg7 49. Rd7+ Kf8 50. e7+ Nxe7 (50... Ke8 $142 51. Rd8+ Kxe7 52. Rxd5 Ne3 53. Re5+ {[#]} Qxe5 $3 54. dxe5 Nxf1 55. Kxf1 Rc2 56. f4 Ke6 57. Kg1 Rxc3 58. Kf1 Rd3 59. Ke2 Rd8 60. f5+ Kxf5 61. g4+ hxg4 62. e6 Kxe6 63. Kf2 c3 64. Kg3 c2 65. Kf2 c1=Q 66. Ke2 Qc2+ 67. Ke3 Qd2+ 68. Ke4 Rd4#) 51. Rd8+ Kf7 {[%emt 0:00:09] Weighted Error Value: White=0.45/Black=0.16 (very precise)} 0-1

[Event "Croatian 1A League 2022"]
[Site "Porec"]
[Date "2022.09.27"]
[Round "4.11"]
[White "Medancic, Rikard"]
[Black "Ivekovic, Zvonimir"]
[Result "1/2-1/2"]
[ECO "A80"]
[WhiteElo "2120"]
[BlackElo "2380"]
[Annotator "TA"]
[PlyCount "52"]
[EventDate "2022.09.24"]
[EventType "team-tourn"]
[EventCountry "CRO"]
[SourceTitle "playchess.com"]
[Source "ChessBase"]
[SourceQuality "1"]
[TimeControl "40/5400+30:1800+30"]

1. d4 f5 2. Bg5 Nf6 3. Bxf6 exf6 4. e3 Qe7 5. Nd2 Nc6 {[%emt 0:13:54] [#]} 6. c3 $146 {[%emt 0:01:49] A80: Dutch Defence: Unusual White second moves.} ({Predecessor:} 6. Ngf3 d5 7. Be2 g6 8. O-O Bh6 9. c4 Be6 10. Qb3 O-O-O 11. c5 a6 12. Rfe1 g5 {0-1 (40) Larrea,M (2220)-Garello,G (2215) Uruguay 1997}) 6... b6 7. Qf3 g6 8. Qg3 {[%emt 0:04:23] White is slightly better.} (8. Bc4 {with more complications.} Bb7 9. Bd5 f4 10. Qxf4 Nb4 11. cxb4 Bxd5 12. Ngf3) 8... Qd6 9. Nc4 Qxg3 10. hxg3 h5 11. Bd3 Ne7 12. Ne2 Bb7 13. f3 O-O-O 14. Kf2 Bh6 15. Rae1 Rde8 16. Nf4 Kd8 17. a4 Bxf4 18. gxf4 h4 19. g3 Ba6 (19... hxg3+ $11 {keeps the balance.} 20. Kxg3 a5) 20. Rxh4 $16 Rxh4 21. gxh4 d5 22. Ne5 Bb7 (22... fxe5 $142 23. Bxa6 exf4) 23. Nf7+ {[%emt 0:01:33] White is clearly better.} Kd7 {[%emt 0:00:01] [#] White must now prevent ...Ke6.} 24. h5 $1 {[%emt 0:00:25] Threatens to win with hxg6. White has more active pieces.} Ke6 25. hxg6 Nxg6 26. Nh6 Ne7 {[%emt 0:00:01] Weighted Error Value: White=0.13 (very precise) /Black=0.19 (very precise)} 1/2-1/2

[Event "Croatian 1A League 2022"]
[Site "Porec"]
[Date "2022.09.27"]
[Round "4.12"]
[White "Boric, Muhamed"]
[Black "Mihalic, Goran"]
[Result "1-0"]
[ECO "D03"]
[WhiteElo "2356"]
[BlackElo "2023"]
[Annotator "TA"]
[PlyCount "65"]
[EventDate "2022.09.24"]
[EventType "team-tourn"]
[EventCountry "CRO"]
[SourceTitle "playchess.com"]
[Source "ChessBase"]
[SourceQuality "1"]
[TimeControl "40/5400+30:1800+30"]

1. d4 Nf6 2. Nf3 g6 3. Bg5 Bg7 4. Nbd2 d5 5. e3 O-O 6. Bd3 Nbd7 7. O-O c5 8. c3 b6 9. a4 Bb7 {[%emt 0:07:24] D03: 1 d4 d5 2 Nf3 Nf6 3 Bg5, including Torre Attack with early ...d5.} 10. Qe2 Ne4 11. Bh4 h6 {[%emt 0:04:27] The position is equal.} 12. Rfd1 {[%emt 0:15:23] [#]} g5 $146 {[%emt 0:14:30] [#] aiming for ...Nxd2.} ({Predecessor:} 12... Qe8 13. Ba6 Bxa6 14. Qxa6 g5 15. Bg3 Nxg3 16. hxg3 e6 17. Qe2 f5 18. a5 c4 19. axb6 axb6 {1-0 (46) Studenetsky,A-Berggreen,A ICCF corr 1974}) 13. Bg3 Nxg3 14. hxg3 c4 (14... f5 $11 {should be considered.}) 15. Bc2 $14 f5 16. b3 cxb3 17. Bxb3 e6 18. a5 bxa5 19. Qb5 {[%emt 0:00:32][%csl LRa5,LRb7] White is more active.} Nb6 20. Qxa5 g4 21. Nh4 Kh7 {[%emt 0:00:20] Inhibits Ng6.} 22. c4 Nxc4 ({Black should play} 22... Bf6 $14) 23. Nxc4 $16 dxc4 24. Bxc4 Qe7 (24... Qd6 $16 25. Qa3 Qxa3 26. Rxa3 Rfe8) 25. Qa3 (25. Qa2 $18) 25... Qd7 (25... Qxa3 $16 26. Rxa3 Rfe8) 26. Qb3 $18 Rfe8 27. Bb5 Bc6 28. Bxc6 Qxc6 29. d5 Qd6 30. dxe6 Qxe6 31. Qxe6 Rxe6 32. Rd7 Rd6 $2 {[%emt 0:04:02] [#]} (32... a5 $16 33. Nxf5 Rg6) 33. Rxg7+ {[%emt 0:00:19] Weighted Error Value: White=0.14 (very precise) /Black=0.49} ({Weaker is} 33. Rxd6 Bxa1 34. Ra6 (34. Nxf5 a5 $16) 34... Bc3 35. Nxf5 h5 $18) 1-0

[Event "Croatian 1A League 2022"]
[Site "Porec"]
[Date "2022.09.27"]
[Round "4.13"]
[White "Donchenko, Alexander"]
[Black "Kozul, Zdenko"]
[Result "1-0"]
[ECO "E94"]
[WhiteElo "2639"]
[BlackElo "2549"]
[Annotator "TA"]
[PlyCount "54"]
[EventDate "2022.09.24"]
[EventType "team-tourn"]
[EventCountry "CRO"]
[SourceTitle "playchess.com"]
[Source "ChessBase"]
[SourceQuality "1"]
[TimeControl "40/5400+30:1800+30"]

1. d4 Nf6 2. c4 g6 3. Nc3 Bg7 4. e4 d6 5. Nf3 O-O 6. Be2 Na6 7. O-O e5 8. Be3 c6 {[%emt 0:00:31] is recently more successful than 8...Ng4.} 9. Re1 exd4 {[%emt 0:10:01] E94: King's Indian: Classical: 6 Be2 e5 7 0-0: Various Black 7th moves.} 10. Nxd4 ({Reject} 10. Bxd4 Re8 $11) (10. Qxd4 Nd5 $1 11. Qd2 Nxe3 12. Qxe3 Qb6 $15) 10... Nc5 11. f3 {[%emt 0:02:00] [#]} Nh5 $146 {[%emt 0:07:18] White is slightly better.} ({Predecessor:} 11... a5 12. Qd2 Nfd7 13. Rad1 a4 14. Bf1 Re8 15. Nde2 Bf8 16. Kh1 Qc7 17. Nc1 Nb6 {½-½ (83) Mohammad,N (2421)-Nitish,B (2294) Mumbai 2020}) 12. Qd2 f5 {[%emt 0:01:19] [#]} (12... Qe7 $142) 13. exf5 $1 $16 gxf5 14. Rad1 Qc7 15. Bf1 Be5 16. Bh6 Ng7 17. f4 Bf6 18. Re3 a5 19. Rg3 $36 {[%emt 0:03:04][%cal Od4b5][%mdl 2048] And now Ndb5! would win. Keeping Black busy. White is much more active. The black rooks are badly placed.} a4 $2 {[%emt 0:11:31] [#] Loses the game.} (19... Ne4 $16 20. Nxe4 fxe4) 20. Ndb5 $1 $18 Qb6 (20... cxb5 $2 21. Nd5 (21. Nxb5 Qe7 $17) 21... Qd8 22. Nxf6+ Rxf6 23. Rxg7+ Kh8 24. Qd4 $18) (20... Qe7 {keeps fighting.} 21. Nxd6 b6) 21. Qf2 {[%emt 0:01:46] White is clearly winning.} Be6 (21... cxb5 $2 22. Nd5 Qd8 23. Nxf6+ Rxf6 24. Rxg7+ Kh8 25. Qxc5 Rxh6 26. Rc7 $18) 22. Rxd6 Rae8 23. Nd4 Qa5 24. Qe3 Qc7 25. Bxg7 Bxg7 26. Nxe6 Nxe6 27. Rxe6 Qd7 {[%emt 0:00:31] Weighted Error Value: White=0.10 (very precise) /Black=0.47} 1-0